 Dungeon Crawl Stone Soup version 0.28-a0-429-g1448048969 (webtiles) character file.

Game seed: 10996350049869797139

1327 Shayle the Insei (level 8, -10/59 HPs)
             Began as a Djinni Warper on Sept 12, 2021.
             Was an Initiate of Makhleb.
             Killed from afar by Dowan (31 damage)
             ... with a shard of ice
             ... on level 7 of the Dungeon.
             The game lasted 00:19:53 (9000 turns).

Shayle the Insei (Djinni Warper)                    Turns: 9000, Time: 00:19:54

Health: -10/59     AC:  5    Str: 10    XL:     8   Next: 91%
Gold:   344        EV: 11    Int: 18    God:    Makhleb [......] SH:  0 Dex: 12

rFire   + + .      SeeInvis .   g - +2 whip (vorpal)
rCold   x . .      Faith    .   (no shield)
rNeg    . . .      Spirit   .   a - +1 leather armour
rPois   ∞          Reflect  .   o - +0 helmet
rElec   .          Harm     .   (no cloak)
rCorr   .          Rampage  .   (no gloves)
Will    .....                   (boots unavailable)
Stlth   +.........              (no amulet)
HPRegen 0.19/turn               (no ring)
MPRegen 0.00/turn               (no ring)

@: flying, studying Crossbows
A: sickness immunity, fire resistance 2, cold vulnerability 1, float, innate
caster, hp casting, extra vitality 1
a: Renounce Religion


You were on level 7 of the Dungeon.
You worshipped Makhleb.
Makhleb was noncommittal.
You visited 2 branches of the dungeon, and saw 8 of its levels.

You collected 344 gold pieces.

Inventory:

Hand Weapons
 e - a +1 dagger of protection
 g - a +2 vorpal whip (weapon)
 n - the +2 short sword of the Devouring Queen {freeze, rC+}
   (You found it on level 5 of the Dungeon)

   It freezes those it strikes, dealing additional cold damage.
   It can also slow down cold-blooded creatures.
   rC:        It protects you from cold.
 s - a +1 hand axe of venom
Armour
 a - a +1 leather armour (worn)
 o - a +0 helmet (worn)
Jewellery
 c - a ring of resist corrosion
Wands
 d - a wand of digging (5)
 r - a wand of acid (3)
Scrolls
 f - a scroll of identify
 i - a scroll of summoning
 j - 2 scrolls of teleportation
 m - a scroll of magic mapping
Potions
 b - 2 potions of attraction
 h - a potion of mutation
 k - 2 potions of haste
 l - a potion of magic
 q - a potion of might {unknown}


   Skills:
 + Level 5.3 Fighting
 - Level 0.7 Throwing
 - Level 1.0 Armour
 - Level 2.1 Dodging
 * Level 7.3 Unarmed Combat
 + Level 4.5 Spellcasting
 + Level 1.6 Invocations


You couldn't memorise any spells.
You knew the following spells:

 Your Spells              Type           Power      Damage    Failure   Level
a - Blink                 Tloc           N/A        N/A       4%          2
b - Lesser Beckoning      Tloc           20%        N/A       9%          3
c - Gell's Gravitas       Tloc           10%        N/A       9%          3
d - Teleport Other        Tloc           20%        N/A       9%          3
e - Manifold Assault      Tloc           20%        N/A       63%         5
f - Shock                 Conj/Air       80%        1d8       3%          1
g - Static Discharge      Conj/Air       20%        N/A       4%          2
h - Searing Ray           Conj           40%        2d5       4%          2
Your spell library was empty.

Dungeon Overview and Level Annotations

Branches:
Dungeon (7/15)             Temple (1/1) D:6

Altars:
Cheibriados
Dithmenos
Elyvilon
Fedhas
Gozag
Hepliaklqana
Kikubaaqudgha
Makhleb
Nemelex Xobeh
Qazlal
Ru
Sif Muna
Vehumet
Xom
Yredelemnul
Zin
The Shining One

Shops:
D:2 [   D:4 [

Annotations:
D:7 Dowan


Innate Abilities, Weirdness & Mutations

You are immune to sickness and miasma.
You are immune to poison.
Your flesh is very heat resistant. (rF++)
You are vulnerable to cold. (rC-)
You float through the air rather than walking.
You learn spells naturally, not from books.
Your magical power is your life essence.
You have superior vitality. (+4 HP)


Message History

The lightning grounds out.
* * * LOW HITPOINT WARNING * * *
Dowan hits you with a +0 dagger.
* * * LOW HITPOINT WARNING * * *
You feel better. Dowan hits you but does no damage.
Aiming: Corrosive Bolt
Press: ? - help, Shift-Dir - straight line, f - Dowan
Aim: Dowan, wielding a +0 dagger and wearing a +0 robe (fast, 60% to hit)
The bolt of acid hits Dowan!
The acid corrodes Dowan!
Dowan is heavily wounded.
Dowan gestures wildly while chanting.
Dowan blinks!
Dowan gestures wildly while chanting.
Dowan blinks!
The howler monkey skeleton barely misses you.
You completely miss the howler monkey skeleton.
The howler monkey skeleton is lightly damaged.
The howler monkey skeleton barely misses you.
You whack the howler monkey skeleton!
The howler monkey skeleton is heavily damaged.
Dowan says, "Her death will not be in vain!"
The howler monkey skeleton closely misses you.
You hit the howler monkey skeleton.
The howler monkey skeleton is severely damaged.
The howler monkey skeleton hits you but does no damage.
You hit the howler monkey skeleton.
You destroy the howler monkey skeleton!
Makhleb accepts your kill.
Dowan shakes with grief.
Dowan gestures at you while chanting. The stone arrow misses you.
Aiming: Corrosive Bolt
Press: ? - help, Shift-Dir - straight line, f/p - Dowan
Aim: Dowan, wielding a +0 dagger and wearing a +0 robe (moderately wounded, fast, covered in acid, 60% to hit)
The bolt of acid hits Dowan!
Dowan seems to be corroded for longer.
Dowan is almost dead.
Dowan gestures at you while chanting. The shard of ice hits you!!
You feel a painful chill!
Ouch! That really hurt!
You die...

# #.####.###.. # #.
#... .... .#.#
##.##..###.###...####
...........#.<......#
#.........######.#
#...###.### # #...#
#.#
####.####...###.###.#
#.....(....e.)@.....#
#....?.....#####.#####
#..#...####.?......
#...... .####.###
....... .# #.# #.#..$.
.# .# ....... .. ..
.##### .. ##


You could see Dowan (fast, corroded).

Vanquished Creatures
  A water moccasin (D:6)
  An ice beast (D:6)
  Duvessa (D:7)
  An ogre (D:3)
  A necrophage (D:5)
  A centaur (D:6)
  A wyvern zombie (D:6)
  A scorpion (D:6)
  A bullfrog zombie (D:6)
  A centaur zombie (D:6)
  A jelly (D:6)
  2 hounds
  4 orc priests (D:4)
  A centaur skeleton (D:5)
  Jessica (D:3)
  2 iguanas
  An orc wizard (D:3)
  Natasha (thrice) (D:4)
  A killer bee zombie (D:6)
  2 hound skeletons (D:4)
  A howler monkey skeleton (D:7)
  An adder (D:6)
  2 shadow imps
  A white imp (D:7)
  An ufetubus (D:6)
  An adder zombie (D:5)
  3 worms
  4 dart slugs
  20 orcs
  5 endoplasms
  2 giant cockroaches
  6 goblins
  8 hobgoblins
  2 jackals (D:2)
  2 quokkas
  4 ball pythons
  3 bats
  4 kobolds
  3 rats (D:2)
101 creatures vanquished.

Vanquished Creatures (others)
  A troll (D:6)
  An orc warrior (D:6)
  An ogre (D:6)
  A bullfrog (D:6)
  A scorpion (D:6)
  A gnoll shaman (D:6)
  A hound (D:6)
  An adder (D:6)
  A shadow imp (D:6)
  An orc (D:6)
10 creatures vanquished.

Grand Total: 111 creatures vanquished

Notes
Turn   | Place    | Note
-------+----------+-------------------------------------------
     0 | D:1      | Shayle the Djinni Warper began the quest for the Orb.
     0 | D:1      | Reached XP level 1. HP: 18/18 MP: 0/0
   104 | D:1      | Found a faded altar of an unknown god.
   549 | D:1      | Reached XP level 2. HP: 23/23 MP: 0/0
  1305 | D:2      | Reached XP level 3. HP: 27/29 MP: 0/0
  1305 | D:2      | Learned a level 1 spell: Shock
  1324 | D:2      | Found Xauloloq's Antique Armour Boutique.
  1980 | D:2      | Reached skill level 3 in Unarmed Combat
  2197 | D:3      | Reached XP level 4. HP: 28/34 MP: 0/0
  2302 | D:3      | Found a glowing golden altar of the Shining One.
  2379 | D:3      | Found a basalt altar of Yredelemnul.
  2395 | D:3      | Noticed Jessica
  2402 | D:3      | Killed Jessica
  2493 | D:3      | Found a shadowy altar of Dithmenos.
  2522 | D:3      | Reached XP level 5. HP: 26/40 MP: 0/0
  2522 | D:3      | Learned a level 2 spell: Static Discharge
  2969 | D:3      | Noticed an ogre
  2986 | D:3      | Killed an ogre
  2987 | D:3      | Reached skill level 4 in Unarmed Combat
  2987 | D:3      | Reached XP level 6. HP: 15/46 MP: 0/0
  3337 | D:3      | Found a glowing silver altar of Zin.
  3689 | D:4      | Found Cutyngai's Antique Armour Shoppe.
  3702 | D:4      | Found a white marble altar of Elyvilon.
  3786 | D:5      | Entered Level 5 of the Dungeon
  4479 | D:5      | Reached skill level 5 in Unarmed Combat
  4645 | D:5      | Reached XP level 7. HP: 46/51 MP: 0/0
  4645 | D:5      | Learned a level 2 spell: Searing Ray
  4767 | D:5      | Identified the +2 short sword of the Devouring Queen
                  | {freeze, rC+}
  5717 | D:4      | Noticed Natasha
  5763 | D:6      | Killed a troll
  5931 | D:6      | Noticed a water moccasin
  5946 | D:6      | Killed a water moccasin
  6156 | D:6      | Reached skill level 6 in Unarmed Combat
  6248 | D:6      | Reached XP level 8. HP: 11/58 MP: 0/0
  6729 | D:4      | Killed Natasha
  7121 | D:4      | Noticed Natasha
  7132 | D:4      | Killed Natasha
  7237 | D:4      | Noticed Natasha
  7247 | D:4      | Killed Natasha
  7852 | D:6      | Found a staircase to the Ecumenical Temple.
  7858 | Temple   | Entered the Ecumenical Temple
  7903 | Temple   | Became a worshipper of Makhleb the Destroyer
  8075 | D:6      | Reached skill level 5 in Fighting
  8075 | D:6      | Reached skill level 7 in Unarmed Combat
  8116 | D:6      | Reached skill level 1 in Invocations
  8788 | D:6      | Found a shimmering altar of Xom.
  8976 | D:7      | Noticed Dowan
  8977 | D:7      | Noticed Duvessa
  8993 | D:7      | Killed Duvessa
  9000 | D:7      | Killed from afar by Dowan

Illustrated notes

Levels and vault maps discovered:
D:1:      minmay_arrival_widening_spiral_wide, layout_basic, serial_aquarium,
          aquarium_bridge_straight [aquarium_subvault_bridge,
          aquarium_subvault_wall, aquarium_subvault_bridge,
          aquarium_subvault_window], aquarium_window_corner,
          aquarium_window_corner, aquarium_window_fake, aquarium_view_2d,
          aquarium_view_2d, aquarium_pool_2,
          dreamdust_ecumenical_altar_angels_and_demons, hangedman_decor_push
D:2:      layout_rooms, serial_shops, shop, minmay_misc_feat_ornament
D:3:      minmay_general_purpose_star, layout_basic,
          mainiacjoe_overflow_brackets, nicolae_overflow_hidden_temple,
          mainiacjoe_overflow_six_doors_small, general_overflow_altar,
          uniq_jessica
D:4:      layout_basic, kennysheep_little_box, serial_shops,
          nicolae_shop_waterfront, uniq_natasha
D:5:      layout_layer_cave, kiku_gazebo_garden_becter
D:6:      layout_rooms, xom_confusion_cloud,
          minmay_temple_entry_enclosed_plants, minmay_manual_monstrance
D:7:      layout_loops_ring, uniq_duvessa
Temple:   cyrus_temple_forest

Skill      XL: |  1  2  3  4  5  6  7  8 |
---------------+-------------------------+-----
Unarmed Combat | 3 4 5 6 7 |  7.3
Spellcasting   | 3 4 |  4.5
Fighting       | 3 4 5 |  5.3
Invocations    | 1 |  1.6
Throwing       | |  0.7
Armour         | |  1.0
Dodging        | |  2.1

Action                   |  1- 3 |  4- 6 |  7- 9 || total
-------------------------+-------+-------+-------++-------
Melee: Unarmed           |    69 |       |       ||    69
       Whip              |    60 |   107 |   136 ||   303
       Punch             |     1 |       |     6 ||     7
       Short sword       |       |       |    60 ||    60
Throw: Boomerang         |       |     1 |     4 ||     5
 Cast: Blink             |     1 |       |     2 ||     3
       Static Discharge  |       |     8 |    21 ||    29
       Shock             |       |    17 |    27 ||    44
Evoke: Wand              |       |       |     3 ||     3
  Use: Scroll            |     5 |     3 |     7 ||    15
       Potion            |     1 |       |     3 ||     4
Armor: Leather armour    |    40 |    24 |    69 ||   133
Dodge: Dodged            |    67 |    64 |   141 ||   272

Table legend: (Time is in decaauts)
 A = Elapsed time spent in this place.
 B = Non-inter-level travel time spent in this place.
 C = Inter-level travel time spent in this place.
 D = Time resting spent in this place.
 E = Time spent auto-exploring this place.
 F = Levels seen in this place.
 G = Mean time per level.
                   A        B        C        D        E       F      G
               +--------+--------+--------+--------+--------+-----+--------+
         Total |   9047 |   8695 |    352 |   2283 |   5032 |   8 | 1130.9 |
       Dungeon |   8952 |   8641 |    311 |   2283 |   4990 |   7 | 1278.9 |
        Temple |     94 |     53 |     41 |      0 |     42 |   1 |   94.0 |
               +--------+--------+--------+--------+--------+-----+--------+

Top non-repeatable levels by time:
     D:4: 1951 daAuts
     D:6: 1863 daAuts
     D:5: 1532 daAuts
     D:2: 1187 daAuts
     D:1: 1152 daAuts
     D:3: 1143 daAuts
     D:7: 121 daAuts
  Temple: 94 daAuts
